 Dungeon Crawl Stone Soup version 0.30-a0-972-gf3ab3527aa (webtiles) character file.

Game seed: 1945367561001001806

3318 Sobieck the Thaumaturge (level 9, -4/74 HPs)
             Began as a Mummy Conjurer on Mar 31, 2023.
             Was a Believer of Vehumet.
             Shot with a sling bullet by Joseph (10 damage)
             ... on level 8 of the Dungeon.
             The game lasted 00:17:52 (7907 turns).

Sobieck the Thaumaturge (Mummy Conjurer)            Turns: 7907, Time: 00:17:52

Health: -4/74      AC:  5    Str: 10    XL:     9   Next: 71%
Magic:  19/23      EV: 12    Int: 21    God:    Vehumet [**....]
Gold:   484        SH:  0    Dex: 11    Spells: 20/28 levels left

rFire   x . .      SeeInvis .    b - +1 sling (freeze)
rCold   + . .      Faith    +    (no shield)
rNeg    + + +      Spirit   .    X - +1 robe {rN+}
rPois   ∞          Reflect  .    o - +0 helmet
rElec   .          Rampage  .    (no cloak)
rCorr   +                        (no gloves)
Will    ++...                    L - +0 pair of boots
Stlth   ++                       (no amulet)
HPRegen 0.32/turn                F - ring of resist corrosion
MPRegen 0.18/turn                M - ring of willpower

@: studying Fire Magic
A: cold resistance 1, negative energy resistance 3, torment resistance 2, heat
vulnerability 1, in touch with death 1, no potions, faith
a: Renounce Religion


You were on level 8 of the Dungeon.
You worshipped Vehumet.
Vehumet was pleased with you.
You visited 2 branches of the dungeon, and saw 9 of its levels.

You collected 484 gold pieces.


Innate Abilities, Weirdness & Mutations

You are immune to poison.
Your flesh is cold resistant. (rC+)
You are immune to negative energy. (rN+++)
You are immune to unholy pain and torment.
You are vulnerable to heat. (rF-)
You are in touch with the powers of death.
You do not drink.
You have a special connection with the divine. (Faith)


   Skills:
 + Level 7.9 Fighting
 - Level 1.5 Dodging
 - Level 1.5 Stealth
 + Level 10.0 Spellcasting
 + Level 7.5 Conjurations
 + Level 0.0 Translocations


You had 20 spell levels left.
You knew the following spells:

 Your Spells              Type           Power      Damage    Failure   Level
a - Magic Dart            Conj           100%       1d8       1%          1
b - Searing Ray           Conj           84%        2d7       1%          2
c - Sandblast             Erth           20%        2d7       6%          1
d - Iskenderun's Mystic   Conj/Tloc      26%        2d7       14%         4

Your spell library contained the following spells:

 Spells                   Type           Power      Damage    Failure   Level
 Poisonous Vapours        Pois/Air       20%        N/A       10%         2
 Dazzling Flash           Conj/Hex       52%        N/A       4%          3
 Hailstorm                Conj/Ice       26%        3d7       4%          3
 Fulminant Prism          Conj/Hex       13%        3d8       14%         4
 Starburst                Conj/Fire      13%        6d5       91%         6
 Simulacrum               Ice/Necr       7%         N/A       100%        6
 Beastly Appendage        Tmut           Unusable   N/A       N/A         1
 Wereblood                Tmut           Unusable   N/A       N/A         2
 Spider Form              Tmut/Pois      Unusable   N/A       N/A         3
 Ice Form                 Ice/Tmut       Unusable   N/A       N/A         4

Inventory:

Hand Weapons
 b - a +1 sling of freezing (weapon)
   (You took it off a goblin on level 3 of the Dungeon)
 c - a +0 short sword {short}
   (You found it on level 1 of the Dungeon)
 p - a +0 short sword of freezing {short}
   (You took it off a kobold on level 2 of the Dungeon)
 q - a +0 short sword {short}
   (You took it off a kobold on level 3 of the Dungeon)
 r - a +0 dagger {short}
   (You took it off a goblin on level 3 of the Dungeon)
 s - a +2 dagger of protection {short}
   (You took it off Robin on level 3 of the Dungeon)
Missiles
 i - 88 stones {throwing}
 V - 11 poisoned darts {throwing}
Armour
 a - a +0 robe
 f - a +0 robe
   (You took it off an orc wizard on level 4 of the Dungeon)
 g - a +0 robe
   (You found it on level 1 of the Dungeon)
 h - a +0 robe
   (You found it on level 1 of the Dungeon)
 k - a +0 chain mail
   (You found it on level 2 of the Dungeon)
 n - a +0 animal skin
   (You took it off Robin on level 3 of the Dungeon)
 o - a +0 helmet (worn)
   (You took it off Robin on level 3 of the Dungeon)
 t - a +0 leather armour
   (You took it off a hobgoblin on level 3 of the Dungeon)
 v - a +0 ring mail
   (You took it off a goblin on level 3 of the Dungeon)
 w - a +1 cloak
   (You took it off Maurice on level 7 of the Dungeon)
 x - a +0 robe
   (You found it on level 3 of the Dungeon)
 z - a +0 chain mail
   (You took it off Terence on level 3 of the Dungeon)
 A - a +0 leather armour
   (You took it off an orc on level 4 of the Dungeon)
 B - a +0 robe
   (You found it on level 4 of the Dungeon)
 E - a +0 ring mail
   (You found it on level 5 of the Dungeon)
 G - a +0 leather armour
   (You found it on level 5 of the Dungeon)
 H - a +0 robe
   (You found it on level 5 of the Dungeon)
 K - a +0 robe
   (You found it on level 5 of the Dungeon)
 L - a +0 pair of boots (worn)
   (You found it on level 5 of the Dungeon)
 N - a +0 ring mail
   (You found it on level 5 of the Dungeon)
 O - a +0 robe
   (You found it on level 6 of the Dungeon)
 R - a +0 robe
   (You took it off an orc wizard on level 7 of the Dungeon)
 S - a +0 robe
   (You took it off an orc wizard on level 7 of the Dungeon)
 T - a +0 leather armour
   (You took it off a gnoll bouda on level 7 of the Dungeon)
 U - a +0 chain mail
   (You found it on level 7 of the Dungeon)
 X - a +1 robe of positive energy (worn)
   (You found it on level 7 of the Dungeon)
Jewellery
 F - a ring of resist corrosion (left hand)
   (You found it on level 5 of the Dungeon)
 M - a ring of willpower (right hand)
   (You found it on level 5 of the Dungeon)
 Z - a ring of ice
   (You took it off a goblin on level 3 of the Dungeon)
Wands
 C - a wand of paralysis (15)
   (You found it on level 4 of the Dungeon)
 P - a wand of quicksilver (7)
   (You found it on level 6 of the Dungeon)
 W - a wand of polymorph (8)
   (You found it on level 7 of the Dungeon)
Scrolls
 d - 2 scrolls of immolation {!r!r}
 e - a scroll of amnesia
 j - a scroll of brand weapon
 l - a scroll of vulnerability {!r!r}
 u - a scroll of teleportation {@r4}
 y - a scroll of blinking {!r}
 D - 3 scrolls of magic mapping {!r}
 J - 4 scrolls of identify {@r1}
 Q - a scroll of enchant weapon
 Y - 3 scrolls of poison

Dungeon Overview and Level Annotations

Branches:
Dungeon (8/15) Zot: 26336  Temple (1/1) D:4 Zot: 5942
   Lair: D:8-11

Altars:
Dithmenos
Fedhas
Gozag
Hepliaklqana
Kikubaaqudgha
Makhleb
Okawaru
Ru
Trog
Uskayaw
Vehumet
Xom
Yredelemnul

Annotations:
D:5 1 runed translucent door
D:8 Joseph

.# #:..... §#
#...@.. ##§#
#......####§§#
.......#§§§§§#
#.§....#§§§§§#
#.§§§!.#§§§§§#
..§§§§§#§§§§§#
#§@.§@§§#
###§§§§§#
#§§§§§#
#§§§§§#
#§§§§§#
#§§§§§#
#######


You could see Joseph.


Message History

The searing ray hits the kobold brigand.
You kill the kobold brigand!
Vehumet accepts your kill.
You feel your power returning. The kobold hits you but does no damage.
The kobold closely misses you.
Your Spellcasting skill increases to level 10!
Casting: Searing Ray (safe; 1% risk of failure)
Confirm with . or Enter, or press ? or * to list all spells.
Restarting spell: Searing Ray (safe; 1% risk of failure)
Press: ? - help, Shift-Dir - straight line, f - kobold
Aim: a kobold, wielding a +0 dagger and quivering stones (77% to hit)
The searing ray hits the kobold.
You kill the kobold!
Vehumet accepts your kill.
You feel your power returning. (Press . to maintain the ray.)
The kobold hits you with a +0 whip. The kobold barely misses you.
Casting: Searing Ray (safe; 1% risk of failure)
Confirm with . or Enter, or press ? or * to list all spells.
Restarting spell: Searing Ray (safe; 1% risk of failure)
Press: ? - help, Shift-Dir - straight line, f - kobold
Aim: a kobold, wielding a +0 whip (77% to hit)
The searing ray hits the kobold.
You kill the kobold!
Vehumet accepts your kill. (Press . to maintain the ray.) Unknown command.
Unknown command.
You start resting.
You start resting.
Unknown command.
Unknown command.
This spell is dangerous to cast!
Memorise Iskenderun's Mystic Blast, consuming 4 spell levels and leaving 20?
You start memorising the spell.
You continue memorising. x4
You finish memorising.
Spell assigned to 'd'.
Unknown command.
V - 11 poisoned darts {throwing} (gained 3)
Things that are here:
a +0 club {mace}; a kobold corpse Unknown command.
i - 88 stones {throwing} (gained 3)
Things that are here:
a +0 dagger {short}; a kobold corpse Joseph, a Mercenary comes into view.
He is wielding a +0 quarterstaff.
Joseph shouts!
Joseph unwields a +0 quarterstaff.
Joseph wields a +0 sling.
Joseph shoots a sling bullet.
The sling bullet misses you.
Danger!
Unknown command.
Things that are here:
a +0 dagger {short}; a kobold corpse Unknown command.
There is a stone staircase leading up here.
Danger!
Unknown command.
Joseph shoots a sling bullet.
The sling bullet hits you!
Things that are here:
a +0 dagger {short}; a kobold corpse Unknown command.
Joseph shoots a sling bullet.
The sling bullet hits you!
Joseph shoots a sling bullet.
The sling bullet hits you!
* * * LOW HITPOINT WARNING * * *
Unknown command.
Casting: Searing Ray (safe; 1% risk of failure)
Confirm with . or Enter, or press ? or * to list all spells.
Aiming: Searing Ray (safe; 1% risk of failure)
Press: ? - help, Shift-Dir - straight line, f - Joseph
Aim: Joseph, wielding a +0 sling and wearing a +0 ring mail (84% to hit)
The searing ray hits Joseph. (Press . to maintain the ray.) Joseph unwields a +0 sling.
Joseph wields a +0 quarterstaff.
Joseph hits you with a +0 quarterstaff.
* * * LOW HITPOINT WARNING * * *
The searing ray hits Joseph but does no damage.
Joseph hits you with a +0 quarterstaff.
* * * LOW HITPOINT WARNING * * *
The searing ray hits Joseph!
Joseph hits you with a +0 quarterstaff.
* * * LOW HITPOINT WARNING * * *
The searing ray hits Joseph.
You finish channelling your searing ray.
Joseph shouts, "I love to fight!
I love killing!"
Joseph hits you with a +0 quarterstaff!
* * * LOW HITPOINT WARNING * * *
Unknown command.
You can't drink.
Unknown command.
As you read the scroll of fear, it crumbles to dust.
You assume a fearsome visage.
Joseph looks frightened!
As you read the scroll of torment, it crumbles to dust.
You feel a surge of unholy energy.
Joseph convulses!
Your attack snaps Joseph out of his fear.
The air fills with toxic fumes!
As you read the scroll of poison, it crumbles to dust.
Joseph barely misses you.
Joseph unwields a +0 quarterstaff.
Joseph wields a +0 sling.
Joseph shoots a sling bullet.
The sling bullet barely misses you.
Joseph shoots a sling bullet.
The sling bullet hits you!
You die...

Skill      XL: |  1  2  3  4  5  6  7  8  9 |
---------------+----------------------------+-----
Spellcasting   | 3 4 5 7 8 10 | 10.0
Fighting       | 1 2 3 4 5 6 7 |  7.9
Conjurations   | 4 5 6 7 |  7.5
Dodging        | |  1.5
Stealth        | |  1.5

Action                     |  1- 3 |  4- 6 |  7- 9 || total
---------------------------+-------+-------+-------++-------
  Melee: Short sword       |    38 |     1 |       ||    39
   Fire: Sling             |       |    65 |   150 ||   215
   Cast: Magic Dart        |    79 |    16 |     2 ||    97
         Searing Ray       |     7 |    23 |    71 ||   101
    Use: Scroll            |       |     8 |     6 ||    14
 Armour: Robe              |    11 |     4 |    36 ||    51
  Dodge: Dodged            |    38 |    20 |   103 ||   161

Levels and vault maps discovered:
D:1:      dpeg_arrival_water_temple_mockup, layout_basic
D:2:      layout_rooms
D:3:      layout_loops_ring, shapermc_ecumenical_altar_petra, uniq_robin,
          uniq_terence
D:4:      layout_cave_pools, minmay_temple_entry_statues_fountains,
          minmay_pentangle
D:5:      minmay_angry_zag, layout_gridville, dk_yredelemnul_ordeal,
          enter_ossuary_2
D:6:      layout_gridville, amethyst_overflow_temple_binary
D:7:      layout_basic
D:8:      layout_rooms, kennysheep_slug_shrine, st_stairs_13, uniq_maurice,
          uniq_joseph, uniq_maggie
Temple:   nicolae_temple_bog_church

Notes
Turn   | Place    | Note
-------+----------+-------------------------------------------
     0 | D:1      | Sobieck the Mummy Conjurer began the quest for the Orb.
     0 | D:1      | Reached XP level 1. HP: 13/13 MP: 4/4
   260 | D:1      | Reached skill level 3 in Spellcasting
   278 | D:1      | Reached XP level 2. HP: 20/20 MP: 0/6
   281 | D:1      | Learned a level 2 spell: Searing Ray
   411 | D:1      | Reached skill level 1 in Fighting
   755 | D:1      | Gained mutation: You are in touch with the powers of death.
                  | [Mummy growth]
   755 | D:1      | Reached XP level 3. HP: 26/26 MP: 4/7
  1342 | D:2      | You pick up a book of Changes and begin reading...
  1863 | D:3      | Reached XP level 4. HP: 33/33 MP: 5/9
  2047 | D:3      | Reached skill level 2 in Fighting
  2104 | D:3      | Noticed Robin
  2110 | D:3      | Killed Robin
  2114 | D:3      | Reached skill level 4 in Spellcasting
  2408 | D:3      | Noticed Terence
  2423 | D:3      | HP: 8/33 [Terence/+1 flail of holy wrath (4)]
  2424 | D:3      | Killed Terence
  2425 | D:3      | Reached skill level 4 in Conjurations
  2638 | D:3      | Reached XP level 5. HP: 39/39 MP: 11/11
  2893 | D:3      | Found a faded altar of an unknown god.
  2948 | D:4      | Noticed an ogre
  2956 | D:4      | Killed an ogre
  2957 | D:4      | Reached skill level 3 in Fighting
  3030 | D:4      | Reached skill level 5 in Spellcasting
  3030 | D:4      | Reached XP level 6. HP: 47/47 MP: 7/13
  3186 | D:4      | Found a staircase to the Ecumenical Temple.
  3195 | Temple   | Entered the Ecumenical Temple
  3235 | Temple   | Became a worshipper of Vehumet
  3415 | D:4      | You pick up a book of Spectacle and begin reading...
  3489 | D:4      | You pick up a book of the Tundra and begin reading...
  3489 | D:4      | You add the spells Hailstorm and Simulacrum to your
                  | library.
  3884 | D:5      | Entered Level 5 of the Dungeon
  4149 | D:5      | Reached skill level 4 in Fighting
  4225 | D:5      | Reached XP level 7. HP: 43/54 MP: 12/15
  4253 | D:5      | Reached skill level 6 in Spellcasting
  4278 | D:5      | Reached * piety under Vehumet
  4278 | D:5      | Offered knowledge of Sandblast by Vehumet.
  4279 | D:5      | Reached skill level 5 in Conjurations
  4281 | D:5      | Learned a level 1 spell: Sandblast
  4639 | D:5      | Found a runed translucent door.
  4639 | D:5      | Noticed a human
  4643 | D:5      | Found a basalt altar of Yredelemnul.
  4877 | D:5      | Reached skill level 5 in Fighting
  4976 | D:5      | Reached skill level 7 in Spellcasting
  4976 | D:5      | Reached XP level 8. HP: 34/62 MP: 3/18
  5752 | D:6      | Found an opulent altar of Gozag.
  5759 | D:6      | Found a sacrificial altar of Ru.
  5982 | D:6      | Reached skill level 6 in Conjurations
  6135 | D:6      | Reached skill level 6 in Fighting
  6135 | D:6      | Reached skill level 8 in Spellcasting
  6686 | D:7      | Reached XP level 9. HP: 71/71 MP: 17/21
  6790 | D:7      | Reached ** piety under Vehumet
  6790 | D:7      | Offered knowledge of Static Discharge by Vehumet.
  7018 | D:7      | Reached skill level 9 in Spellcasting
  7043 | D:7      | Reached skill level 7 in Fighting
  7295 | D:8      | Reached skill level 7 in Conjurations
  7347 | D:8      | Noticed Maurice
  7523 | D:7      | Killed Maurice
  7625 | D:8      | Offered knowledge of Poisonous Vapours by Vehumet.
  7825 | D:8      | Reached skill level 10 in Spellcasting
  7882 | D:8      | Learned a level 4 spell: Iskenderun's Mystic Blast
  7889 | D:8      | Noticed Joseph
  7902 | D:8      | HP: 4/74 [Joseph/+0 quarterstaff (16)]
  7907 | D:8      | Shot with a sling bullet by Joseph

Vanquished Creatures
  Maurice (D:7)
  4 black bears
  A sky beast (D:5)
  2 ice beasts
  3 ogres
  A centaur (D:6)
  A phantom (D:6)
  3 bullfrogs
  2 kobold brigands (D:8)
  2 scorpions
  8 killer bees (D:7)
  4 howler monkeys
  A gnoll bouda (D:7)
  3 hounds
  4 jellies
  5 orc priests
  A sleepcap (D:7)
  Terence (D:3)
  9 iguanas
  4 orc wizards
  Robin (D:3)
  6 adders
  5 gnolls (D:7)
  A shadow imp (D:6)
  4 worms
  2 dart slugs
  13 orcs
  3 ball pythons (D:4)
  4 endoplasms
  4 giant cockroaches
  20 goblins
  8 hobgoblins
  11 jackals
  22 kobolds
  6 quokkas
  4 bats
  5 frilled lizards
  A kobold zombie (D:5)
  3 rats
183 creatures vanquished.

Vanquished Creatures (others)
  2 fungi (D:3)
2 creatures vanquished.

Grand Total: 185 creatures vanquished

Table legend:
 A = Non-vault XP
 B = Vault XP
 C = Vault XP percentage of total XP
 D = Non-vault monster count
 E = Vault monster count
 F = Vault count percentage of total count
                 A         B        C        D         E       F
            +---------+---------+-------+---------+---------+-------
      Total |    3720 |    1020 |  21.5 |     156 |      27 |  14.8
            +---------+---------+-------+---------+---------+-------
        D:1 |      55 |       0 |   0.0 |      31 |       0 |   0.0
        D:2 |      33 |       0 |   0.0 |      15 |       0 |   0.0
        D:3 |      56 |      71 |  55.9 |      18 |      13 |  41.9
        D:4 |     328 |      98 |  23.0 |      16 |       7 |  30.4
        D:5 |     597 |     310 |  34.2 |      17 |       5 |  22.7
        D:6 |     999 |       0 |   0.0 |      14 |       0 |   0.0
        D:7 |    1173 |     445 |  27.5 |      26 |       1 |   3.7
        D:8 |     479 |      96 |  16.7 |      19 |       1 |   5.0
            +---------+---------+-------+---------+---------+-------

Illustrated notes

Table legend:
 A = Kills in this place as a percentage of kills in the entire game.
 B = Kills by you in this place as a percentage of kills by you in the entire game.
 C = Kills by friends in this place as a percentage of kills by friends in the entire game.
 D = Other kills in this place as a percentage of other kills in the entire game.
 E = Experience gained in this place as a percentage of experience gained in the entire game.
 F = Experience gained in this place divided by the number of levels of this place that you have seen.
                   A       B       C       D       E      F
               +-------+-------+-------+-------+-------+----------------------
         Total | 100.0 | 100.0 |   N/A |   N/A | 100.0 | 526.7
       Dungeon | 100.0 | 100.0 |   N/A |   N/A | 100.0 | 592.5
               +-------+-------+-------+-------+-------+----------------------

Table legend: (Time is in decaauts)
 A = Elapsed time spent in this place.
 B = Non-inter-level travel time spent in this place.
 C = Inter-level travel time spent in this place.
 D = Time resting spent in this place.
 E = Time spent auto-exploring this place.
 F = Levels seen in this place.
 G = Mean time per level.
                   A        B        C        D        E       F      G
               +--------+--------+--------+--------+--------+-----+--------+
         Total |   7999 |   7770 |    229 |   1012 |   5428 |   9 |  888.8 |
       Dungeon |   7942 |   7727 |    215 |   1012 |   5399 |   8 |  992.8 |
        Temple |     57 |     43 |     14 |      0 |     29 |   1 |   57.0 |
               +--------+--------+--------+--------+--------+-----+--------+

Top non-repeatable levels by time:
     D:5: 1458 daAuts
     D:6: 1294 daAuts
     D:3: 1150 daAuts
     D:1: 1064 daAuts
     D:7: 1045 daAuts
     D:4: 917 daAuts
     D:2: 716 daAuts
     D:8: 295 daAuts
  Temple: 57 daAuts
